 Dungeon Crawl Stone Soup version 0.20.1-1-g8b1a95d66d (webtiles) character file.

8918 HessuHobo the Cleaver (level 11, 0/101 HPs)
             Began as a Minotaur Berserker on Nov 18, 2017.
             Was a High Priest of Trog.
             Slain by an unseen horror (2 damage)
             ... on level 10 of the Dungeon.
             The game lasted 00:21:23 (9575 turns).

HessuHobo the Cleaver (Minotaur Berserker)          Turns: 9575, Time: 00:21:23

Health: 0/101      AC: 16    Str: 26    XL:     11   Next: 16%
Magic:  10/10      EV: 10    Int:  4    God:    Trog [*****.]
Gold:   406        SH:  6    Dex: 14    Spells: 10/10 levels left

rFire    . . .     SeeInvis .   a - +1 hand axe
rCold    + . .     Gourm    .   K - +1 buckler "Naexuxo" {rC+ Slay+2 Stlth+}
rNeg     . . .     Faith    .   o - +0 chain mail
rPois    .         Spirit   .   (helmet restricted)
rElec    .         Reflect  .   s - +0 cloak
rCorr    .         Harm     .   y - +0 pair of gloves
MR       .....                  b - +0 pair of boots
Stlth    ..........             (no amulet)
Regen    0.3/turn               h - +5 ring of dexterity
MPRegen  0.2/turn               q - ring of Shadows {Umbra +Inv Stlth+}

@: wreathed by umbra, drained
A: retaliatory headbutt, horns 2, mutation resistance 1, subdued magic 1
a: Berserk, Trog's Hand, Brothers in Arms, Burn Spellbooks, Renounce Religion,
Evoke Invisibility


You were on level 10 of the Dungeon.
You worshipped Trog.
Trog was extremely pleased with you.
You were not hungry.

You visited 1 branch of the dungeon, and saw 10 of its levels.
You also visited: Ossuary.

You collected 406 gold pieces.

Inventory:

Hand Weapons
 a - a +1 hand axe (weapon)
 M - a +0 battleaxe
Armour
 b - a +0 pair of boots (worn)
 f - a +0 buckler of cold resistance
 o - a +0 chain mail (worn)
 s - a +0 cloak (worn)
 y - a +0 pair of gloves (worn)
 K - the +1 buckler "Naexuxo" (worn) {rC+ Slay+2 Stlth+}
   (You found it on level 7 of the Dungeon)

   It affects your accuracy and damage with ranged weapons and melee attacks
   (+2).
   It protects you from cold.
   It makes you more stealthy.
Jewellery
 h - a +5 ring of dexterity (left hand)
 q - the ring of Shadows (right hand) {Umbra +Inv Stlth+}
   (You found it on level 6 of the Dungeon)

   [ring of stealth]

   It lets you turn invisible.
   It makes you more stealthy.
 w - an uncursed ring of flight
Wands
 k - a wand of polymorph (17/24)
 r - a wand of polymorph (21/24)
 E - a wand of polymorph (9/24)
Scrolls
 e - 5 scrolls of blinking
 i - 3 scrolls of remove curse {unknown}
 j - 2 scrolls of magic mapping {unknown}
 t - 4 scrolls of teleportation
 B - 2 scrolls of recharging
 D - 2 scrolls of identify
 G - a scroll of enchant weapon
 H - a scroll of fear {unknown}
 I - a scroll of enchant armour {unknown}
Potions
 d - a potion of curing
 l - a potion of ambrosia {unknown}
 p - a potion of might {unknown}
 u - a potion of flight
 v - 3 potions of haste
 A - a potion of lignification
 C - a potion of brilliance {unknown}
Comestibles
 c - a bread ration
 g - 5 royal jellies
 F - 2 meat rations
 L - 6 fruits


   Skills:
 + Level 10.4(10.2) Fighting
 + Level 13.0(12.8) Axes
 * Level 12.0(11.8) Armour
 - Level 2.1(2.0) Dodging
 * Level 5.2(5.1) Shields


You had 10 spell levels left.
You didn't know any spells.

Dungeon Overview and Level Annotations

Branches:
Dungeon (10/15)            Temple (0/1) D:5            Lair (0/6) D:9
    Orc: D:9-12

Altars:
Ashenzari
Elyvilon
Gozag
Hepliaklqana
Ru
Vehumet

Shops:
D:4 =


Innate Abilities, Weirdness & Mutations

You reflexively headbutt those who attack you in melee.
You have a pair of horns on your head.
You are somewhat resistant to further mutation.
Your spells are a little easier to cast, but a little less powerful.


Message History

You feel better.
Something hits you but does no damage. x2
Something hits you.
* * * LOW HITPOINT WARNING * * *
Something hits you.
* * * LOW HITPOINT WARNING * * *
Something hits you but does no damage.
There is an open door here.
You barely miss something. You headbutt something. Something hits you.
* * * LOW HITPOINT WARNING * * *
Something hits you but does no damage.
You hit something. Your headbutt misses something.
Something hits you but does no damage.
You miss something. You headbutt something. Something hits you!
* * * LOW HITPOINT WARNING * * *
Okay, then.
As you read the scroll of fog, it crumbles to dust.
The scroll dissolves into smoke.
Something hits you.
* * * LOW HITPOINT WARNING * * *
Something hits you.
You die...

####'##.....##......###....#
.............##########....#
.###.........#.............#
.# #...))....#...........<.#
.# #..)).###.#.............#
.###.........#.............#
.............#..§§.........#
.............###{######....#
.#####.........§@§..###....##
.# #.........§§§§.#.......#
.# #........§§§§§.#.......#
.# #..............#.......#
.# #<.............#########
## ################


There were no monsters in sight!

Vanquished Creatures
  Erica (D:9)
  5 two-headed ogres
  A cyclops (D:7)
  The ghost of Lichfox the Artisan of Death, a novice HuNe of Kikubaaqudgha (Ossuary)
  A komodo dragon (D:9)
  Grinder (D:3)
  Sigmund (D:3)
  2 water moccasins
  Duvessa (D:4)
  3 orc warriors
  4 sky beasts
  2 black bears
  An ice beast (D:7)
  4 ogres
  A crocodile (D:8)
  2 centaurs
  2 scorpions (D:7)
  Dowan (D:4)
  9 wights
  A bullfrog zombie (D:8)
  A crimson imp (D:8)
  A quasit (D:7)
  A hound (D:8)
  10 orc wizards
  7 orc priests
  Crazy Yiuf (D:2)
  A jelly (D:4)
  2 centaur skeletons
  2 bullfrog skeletons
  2 iguanas
  Ijyb (D:4)
  8 worker ants
  7 big kobold zombies (Ossuary)
  A hound zombie (D:8)
  A mummy (Ossuary)
  6 gnolls (D:7)
  A howler monkey skeleton (D:4)
  9 adders
  2 shadow imps
  2 oozes (D:1)
  An adder skeleton (D:5)
  3 adder zombies
  4 worms (D:3)
  2 dart slugs
  3 leopard geckos
  28 orcs
  3 spectral bats (Ossuary)
  A ball python (D:2)
  4 giant cockroaches
  11 goblins
  12 hobgoblins
  11 jackals
  3 quokkas
  11 bats
  3 bat simulacra (Ossuary)
  3 frilled lizards
  5 gnoll zombies (Ossuary)
  6 goblin simulacra (Ossuary)
  4 goblin zombies (Ossuary)
  6 hobgoblin zombies (Ossuary)
  7 kobolds
  4 kobold simulacra (Ossuary)
  5 kobold zombies (Ossuary)
  3 orc zombies (Ossuary)
  7 rats
  A rat simulacrum (Ossuary)
  A spectral goblin (Ossuary)
  6 spectral kobolds (Ossuary)
  2 spectral rats (Ossuary)
270 creatures vanquished.

Vanquished Creatures (others)
  A hobgoblin (D:2)
1 creature vanquished.

Grand Total: 271 creatures vanquished

Notes
Turn   | Place    | Note
-------+----------+-------------------------------------------
     0 | D:1      | HessuHobo the Minotaur Berserker began the quest for the Orb.
     0 | D:1      | Reached XP level 1. HP: 19/19 MP: 0/0
    75 | D:1      | Reached skill level 4 in Axes
    75 | D:1      | Reached XP level 2. HP: 27/27 MP: 1/1
   637 | D:1      | Reached XP level 3. HP: 32/33 MP: 2/2
   795 | D:1      | Reached ** piety under Trog
  1351 | D:2      | Found a runed door.
  1460 | D:2      | Found a white marble altar of Elyvilon.
  1616 | D:2      | Found a sacrificial altar of Ru.
  1699 | D:2      | Noticed Crazy Yiuf
  1704 | D:2      | Killed Crazy Yiuf
  1704 | D:2      | Reached XP level 4. HP: 34/41 MP: 3/3
  1832 | D:3      | Reached skill level 5 in Fighting
  1844 | D:3      | Reached skill level 5 in Axes
  1900 | D:3      | Reached XP level 5. HP: 46/48 MP: 4/4
  1951 | D:3      | Noticed Grinder
  1952 | D:3      | Noticed Sigmund
  1953 | D:3      | Paralysed by Grinder for 3 turns
  1962 | D:3      | Killed Sigmund
  1962 | D:3      | Reached XP level 6. HP: 57/57 MP: 5/5
  1967 | D:3      | Killed Grinder
  1967 | D:3      | Reached skill level 6 in Axes
  1967 | D:3      | Reached skill level 5 in Armour
  2058 | D:3      | Reached XP level 7. HP: 64/64 MP: 6/6
  2143 | D:3      | Reached *** piety under Trog
  2410 | D:3      | Found a radiant altar of Vehumet.
  2644 | D:4      | Found a sand-covered staircase.
  2657 | Ossuary  | Entered an ossuary
  2732 | Ossuary  | Noticed Lichfox's ghost (novice HuNe)
  2755 | Ossuary  | Killed Lichfox's ghost
  2755 | Ossuary  | Reached skill level 7 in Axes
  2849 | Ossuary  | Reached **** piety under Trog
  3080 | Ossuary  | Reached XP level 8. HP: 71/71 MP: 7/7
  3173 | Ossuary  | Reached skill level 8 in Axes
  3204 | D:4      | Noticed Dowan
  3210 | D:4      | Noticed Duvessa
  3213 | D:4      | Killed Dowan
  3218 | D:4      | Killed Duvessa
  3430 | D:4      | Noticed Ijyb
  3448 | D:4      | Killed Ijyb
  3481 | D:4      | Found Nabliukas's Jewellery Emporium.
  3646 | D:5      | Entered Level 5 of the Dungeon
  3664 | D:5      | Gained mutation: Your spells are a little easier to cast, but a little less powerful. [potion of mutation]
  3664 | D:5      | Gained mutation: You are somewhat resistant to further mutation. [potion of mutation]
  3668 | D:5      | Identified a scroll of acquirement
  3702 | D:5      | Reached skill level 9 in Axes
  3938 | D:5      | Found a staircase to the Ecumenical Temple.
  4046 | D:5      | Found a hazy altar of Hepliaklqana.
  4652 | D:6      | Reached skill level 10 in Axes
  4655 | D:6      | Reached ***** piety under Trog
  4897 | D:6      | Reached XP level 9. HP: 81/81 MP: 8/8
  5356 | D:6      | Found a shattered altar of Ashenzari.
  6169 | D:7      | Noticed a cyclops
  6180 | D:7      | Killed a cyclops
  6180 | D:7      | Reached skill level 1 in Shields
  6703 | D:7      | Reached skill level 10 in Armour
  6732 | D:7      | Reached skill level 11 in Axes
  6736 | D:7      | Got a brightly glowing buckler
  6968 | D:7      | Received a gift from Trog
  7208 | D:8      | Noticed a two-headed ogre
  7214 | D:8      | Killed a two-headed ogre
  7214 | D:8      | Reached XP level 10. HP: 91/91 MP: 9/9
  7370 | D:8      | Found a flagged portal.
  7781 | D:8      | Found a radiant altar of Vehumet.
  7995 | D:9      | Noticed a two-headed ogre
  8002 | D:9      | Killed a two-headed ogre
  8002 | D:9      | Reached skill level 12 in Axes
  8137 | D:9      | Identified the +1 buckler "Naexuxo" {rC+ Slay+2 Stlth+} (You found it on level 7 of the Dungeon)
  8156 | D:9      | Noticed Erica
  8168 | D:9      | Killed Erica
  8212 | D:9      | Reached skill level 10 in Fighting
  8248 | D:9      | Found a staircase to the Lair.
  8297 | D:9      | Noticed a two-headed ogre
  8306 | D:9      | Killed a two-headed ogre
  8795 | D:9      | Noticed a two-headed ogre
  8806 | D:9      | Killed a two-headed ogre
  8806 | D:9      | Reached skill level 5 in Shields
  8806 | D:9      | Reached XP level 11. HP: 81/100 MP: 10/10
  8844 | D:9      | Noticed a two-headed ogre
  8857 | D:9      | Killed a two-headed ogre
  8961 | D:9      | Reached skill level 13 in Axes
  9048 | D:9      | Found an opulent altar of Gozag.
  9353 | D:10     | Entered Level 10 of the Dungeon
  9575 | D:10     | HP: 2/101 [something (5)]
  9575 | D:10     | Slain by an unseen horror

Skill      XL: |  1  2  3  4  5  6  7  8  9 10 11 |
---------------+----------------------------------+-----
Axes           | 4 5 6 7 10 11 12 13 | 13.0
Fighting       | 4 5 6 7 9 10 | 10.4
Armour         | 3 4 5 6 8 10 11 12 | 12.0
Shields        | 3 5 |  5.2
Dodging        | |  2.1

Action                   |  1- 3 |  4- 6 |  7- 9 | 10-12 || total
-------------------------+-------+-------+-------+-------++-------
Melee: Hand axe          |   102 |    49 |   462 |   178 ||   791
       Headbutt          |    11 |     5 |   122 |    55 ||   193
       Unarmed           |       |       |     9 |       ||     9
       Battleaxe         |       |       |       |     4 ||     4
Invok: Berserk           |       |     1 |     5 |     3 ||     9
       Trog's Hand       |       |     1 |       |     1 ||     2
       Burn Spellbooks   |       |       |     1 |       ||     1
  Use: Scroll            |       |     5 |    11 |     3 ||    19
       Potion            |       |       |     9 |     2 ||    11
 Stab: Confused          |       |       |     1 |       ||     1
  Eat: Chunk             |     2 |     3 |     6 |       ||    11
       Bread ration      |       |       |     5 |     2 ||     7
Armor: Animal skin       |    20 |       |       |       ||    20
       Chain mail        |     6 |    23 |   182 |   126 ||   337
       Skin              |       |       |    63 |       ||    63
Dodge: Dodged            |    74 |    28 |   175 |    63 ||   340
Block: Buckler           |       |       |    27 |    42 ||    69
